 Dungeon Crawl Stone Soup version 0.28-a0-239-g68911e0c57 (webtiles) character file.

Game seed: 2852212041077167165

40 thedisplayname the Insei (level 3, 0/28 HPs)
             Began as a Draconian Transmuter on Aug 23, 2021.
             Slain by a gnoll (4 damage)
             ... on level 2 of the Dungeon.
             The game lasted 00:02:44 (2054 turns).

thedisplayname the Insei (Draconian Transmuter)     Turns: 2054, Time: 00:02:45

Health: 0/28       AC:  5    Str: 12    XL:     3   Next: 30%
Magic:  6/6        EV: 12    Int: 13    God:
Gold:   61         SH:  0    Dex: 12    Spells: 3/6 levels left

rFire   . . .      SeeInvis .     - Unarmed
rCold   . . .      Faith    .   (no shield)
rNeg    . . .      Spirit   .   (armour unavailable)
rPois   .          Reflect  .   (helmet restricted)
rElec   .          Harm     .   (no cloak)
rCorr   .          Rampage  .   (no gloves)
Will    .....                   (no boots)
Stlth   +.........              (no amulet)
HPRegen 0.09/turn               (no ring)
MPRegen 0.10/turn               (no ring)

@: no status effects
A: AC +5, unfitting armour, cold-blooded, hooves 1, MP-powered wands
a: no special abilities


You were on level 2 of the Dungeon.
You visited 1 branch of the dungeon, and saw 2 of its levels.

You collected 61 gold pieces.

You aren't carrying anything.


   Skills:
 - Level 1.1 Fighting
 - Level 1.7 Dodging
 * Level 4.0 Unarmed Combat
 - Level 2.0 Spellcasting
 + Level 2.6 Transmutations


You had 3 spell levels left.
You knew the following spells:

 Your Spells              Type           Power      Damage    Failure   Level
a - Beastly Appendage     Tmut           16%        N/A       9%          1
b - Wereblood             Tmut           8%         N/A       13%         2

Your spell library contained the following spells:

 Spells                   Type           Power      Damage    Failure   Level
 Spider Form              Tmut/Pois      2%         N/A       41%         3
 Ice Form                 Ice/Tmut       4%         N/A       83%         4


Dungeon Overview and Level Annotations

Branches:
Dungeon (2/15)

Altars:


Innate Abilities, Weirdness & Mutations

Your plain brown scales are hard. (AC +5)
You cannot fit into any form of body armour.
You are cold-blooded and may be slowed by cold attacks.
You have large cloven feet.
You expend magic power (3 MP) to strengthen your wands.


Message History

The gnoll closely misses you.
Casting: Beastly Appendage (safe; 9% risk of failure)
Confirm with . or Enter, or press ? or * to list all spells.
Your blood is infused with primal strength.
The gnoll barely misses you.
You barely miss the gnoll. You kick the gnoll.
The gnoll is heavily wounded.
You hit the gnoll but do no damage. You kick the gnoll, but do no damage.
The gnoll is heavily wounded.
The gnoll hits you from afar with a +0 halberd!
The gnoll hits you with a +0 club.
You barely miss the gnoll.
The gnoll is heavily wounded.
Your transformation is almost over.
The gnoll hits you with a +0 club.
* * * LOW HITPOINT WARNING * * *
The gnoll barely misses you.
You hit the gnoll.
The gnoll is severely wounded.
The gnoll closely misses you. The gnoll misses you.
You hit the gnoll.
You feel a bit better.
You kill the gnoll!
You howl as the wereblood boils in your veins!
The gnoll hits you from afar with a +0 halberd!
* * * LOW HITPOINT WARNING * * *
Your Unarmed Combat skill increases to level 4!
You aren't carrying any potions.
A gnoll comes into view. It is wielding a +0 flail.
You howl as the wereblood boils in your veins!
Your horns disappear.
Your primal bloodlust is almost over.
There is an open gate here.
Your primal bloodlust has ended.
There is an open gate here.
There is a stone staircase leading up here.
The gnoll closely misses you.
You climb upwards.
There is a stone staircase leading down here.
You climb downwards.
The gnoll hits you with a +0 halberd.
You die...

### ##......≈.....
...##.....≈≈≈≈≈...
#.##.....≈≈###≈≈..
#.#♣....≈≈## #≈≈.
#.#....≈≈## #≈≈
#g'....≈## #≈
#.'...≈≈#
#g'....≈#
#@#....≈≈#
###♣....≈≈#
#.....≈≈#
##.....≈≈ #......
#....


You could see 2 gnolls.

Vanquished Creatures
  A gnoll (D:2)
  2 dart slugs (D:1)
  4 endoplasms (D:1)
  2 giant cockroaches (D:1)
  2 goblins (D:1)
  2 hobgoblins (D:1)
  3 ball pythons (D:1)
  5 bats (D:1)
  A frilled lizard (D:1)
  2 rats (D:1)
24 creatures vanquished.

Notes
Turn   | Place    | Note
-------+----------+-------------------------------------------
     0 | D:1      | thedisplayname the Draconian Transmuter began the quest for
                  | the Orb.
     0 | D:1      | Reached XP level 1. HP: 16/16 MP: 3/3
   243 | D:1      | Reached XP level 2. HP: 23/23 MP: 5/5
  1333 | D:1      | Reached XP level 3. HP: 28/28 MP: 6/6
  1340 | D:1      | Found a faded altar of an unknown god.
  1500 | D:1      | Gained mutation: You expend magic power (3 MP) to
                  | strengthen your wands. [potion of mutation]
  1500 | D:1      | Gained mutation: You have large cloven feet. [potion of
                  | mutation]
  1962 | D:2      | Learned a level 2 spell: Wereblood
  2024 | D:2      | HP: 1/28 [gnoll (9)]
  2025 | D:2      | Reached skill level 4 in Unarmed Combat
  2054 | D:2      | Slain by a gnoll

Illustrated notes

Levels and vault maps discovered:
D:1:      psy_arrival_basics, layout_basic, dreamdust_ecumenical_altar_statues
D:2:      layout_basic, interstate_on_off, kennysheep_donut

Skill      XL: |  1  2  3 |
---------------+----------+-----
Unarmed Combat | 4 |  4.0
Fighting       | |  1.1
Dodging        | |  1.7
Spellcasting   | |  2.0
Transmutations | |  2.6

Action                   || total
-------------------------++-------
Melee: Unarmed           ||    77
       Tailslap          ||    11
       Punch             ||     1
       Kick              ||     2
 Cast: Beastly Appendage ||     1
       Wereblood         ||     1
  Use: Scroll            ||     5
       Potion            ||     3
 Stab: Sleeping          ||     1
Armor: Skin              ||     9
Dodge: Dodged            ||    58

Table legend: (Time is in decaauts)
 A = Elapsed time spent in this place.
 B = Non-inter-level travel time spent in this place.
 C = Inter-level travel time spent in this place.
 D = Time resting spent in this place.
 E = Time spent auto-exploring this place.
 F = Levels seen in this place.
 G = Mean time per level.
                   A        B        C        D        E       F      G
               +--------+--------+--------+--------+--------+-----+--------+
         Total |   2051 |   2023 |     28 |    790 |   1011 |   2 | 1025.5 |
       Dungeon |   2051 |   2023 |     28 |    790 |   1011 |   2 | 1025.5 |
               +--------+--------+--------+--------+--------+-----+--------+

Top non-repeatable levels by time:
     D:1: 1954 daAuts
     D:2: 96 daAuts
